 Dungeon Crawl Stone Soup version 0.29.1-13-g9f3cf754e1 (webtiles) character file.

Game seed: 17793952638935875170

5296 croobank the Covert (level 10, -7/69 HPs)
             Began as an Octopode Delver on Feb 7, 2023.
             Was an Initiate of Gozag.
             Mangled by a two-headed ogre
             ... wielding a +0 giant spiked club
              (15 damage)
             ... on level 10 of the Dungeon.
             The game lasted 00:32:45 (7938 turns).

croobank the Covert (Octopode Delver)               Turns: 7938, Time: 00:32:45

Health: -7/69      AC:  3    Str: 11    XL:     10   Next: 63%
Magic:  10/18      EV: 19    Int: 20    God:    Gozag
Gold:   56         SH:  0    Dex: 14    Spells: 17/20 levels left

rFire   . . .      SeeInvis .   T - +5 trident of Naiwn {vorpal, Int+3}
rCold   + . .      Faith    .   (no shield)
rNeg    . . .      Spirit   .   Q - +2 hood of the Assassin {Detection Stab+ Stlth++}
rPois   .          Reflect  .   h - amulet of regeneration
rElec   .          Harm     .   m - ring of protection from cold
rCorr   .          Rampage  .   o - +4 ring of evasion
Will    .....                   (no ring)
Stlth   ++++++++..              (no ring)
HPRegen 1.01/turn               (no ring)
MPRegen 0.16/turn               (no ring)
                                (no ring)
                                (no ring)

@: very slightly contaminated
A: almost no armour, amphibious, 8 rings, camouflage 1, gelatinous body 1,
(nimble swimmer 1), tentacles
a: Renounce Religion, Potion Petition, Call Merchant, Bribe Branch


You were on level 10 of the Dungeon.
You worshipped Gozag.
Gozag was noncommittal.
You visited 2 branches of the dungeon, and saw 11 of its levels.
You also visited: Ossuary.

You collected 1372 gold pieces.
You spent 1093 gold pieces at shops.
You paid 223 gold pieces to Gozag.

Inventory:

Hand Weapons
 a - a +0 hand axe
 k - a +0 short sword
 l - a +0 sling
 p - a +0 spear
 s - a +1 dagger of venom
 C - a +0 vorpal war axe
 D - a +1 whip of electrocution
 E - a +0 lajatang
 T - the +5 trident of Naiwn (weapon) {vorpal, Int+3}
   (You found it on level 10 of the Dungeon)

   It inflicts extra damage upon your enemies.
   Int:       It affects your intelligence (+3).
Missiles
 F - 4 javelins
 K - 30 poisoned darts
 L - a curare-tipped dart (quivered)
Armour
 x - a +1 hat
 Q - the +2 hood of the Assassin (worn) {Detection Stab+ Stlth++}
   (You bought it in a shop on level 2 of the Dungeon)

   It allows the wearer to sense nearby creatures.
   It allows the wearer to make particularly effective stabbing attacks against
   helpless or unaware enemies with any weapon.
   Stlth:     It makes you much more stealthy.
Magical Staves
 B - a staff of poison
Jewellery
 h - an amulet of regeneration (around mantle)
 m - a ring of protection from cold (left tentacle)
 o - a +4 ring of evasion (right tentacle)
 q - an amulet of the acrobat
 O - a ring of poison resistance
 U - an amulet of reflection
Wands
 f - a wand of digging (3)
 t - a wand of polymorph (3)
 u - a wand of mindburst (9)
 v - a wand of acid (1)
 w - a wand of flame (8)
Scrolls
 b - 2 scrolls of fog
 c - 2 scrolls of magic mapping
 d - a scroll of silence
 i - 3 scrolls of teleportation
 j - 5 scrolls of blinking
 y - a scroll of immolation
 G - a scroll of vulnerability
 J - a scroll of amnesia
 N - a scroll of brand weapon
 P - 5 scrolls of identify
 R - a scroll of summoning
 S - a scroll of fear
Potions
 e - 4 potions of haste
 g - 2 potions of might
 n - a potion of flight
 r - 2 potions of ambrosia
 z - 4 potions of curing
 A - 3 potions of attraction
 H - a potion of berserk rage
 I - a potion of heal wounds
 M - 2 potions of cancellation


   Skills:
 + Level 6.7 Fighting
 + Level 6.2 Axes
 + Level 6.2 Dodging
 + Level 10.8 Stealth
 * Level 5.9 Spellcasting
 * Level 6.4 Summonings
 - Level 2.6 Air Magic


You had 17 spell levels left.
You knew the following spells:

 Your Spells              Type           Power      Damage    Failure   Level
a - Summon Guardian Gole  Hex/Summ       18%        N/A       9%          3

Your spell library contained the following spells:

 Spells                   Type           Power      Damage    Failure   Level
 Shock                    Conj/Air       44%        1d5       6%          1
 Slow                     Hex            20%        N/A       11%         1
 Swiftness                Air            16%        N/A       11%         3
 Summon Ice Beast         Ice/Summ       18%        N/A       28%         4
 Vampiric Draining        Necr           5%         2d6       32%         3
 Airstrike                Air            8%         2d(2-18)  34%         4
 Summon Mana Viper        Hex/Summ       18%        N/A       61%         5
 Anguish                  Hex/Necr       2%         N/A       71%         4
 Cause Fear               Hex            2%         N/A       71%         4
 Olgreb's Toxic Radiance  Pois           5%         N/A       71%         4
 Monstrous Menagerie      Summ           15%        N/A       100%        7
 Ozocubu's Refrigeration  Ice            2%         4d8       100%        7
 Ignition                 Fire           2%         3d3       100%        8


Dungeon Overview and Level Annotations

Branches:
Dungeon (10/15)            Temple (1/1) D:6            Lair (0/5) D:10
Ossuary (visited)
    Orc: D:9-12

Altars:
Ashenzari
Cheibriados
Dithmenos
Elyvilon
Fedhas
Gozag
Hepliaklqana
Kikubaaqudgha
Makhleb
Nemelex Xobeh
Okawaru
Qazlal
Ru
Sif Muna
Trog
Uskayaw
Vehumet
Wu Jian
Xom
Yredelemnul
The Shining One

Shops:
D:1 [   D:2 [   D:3 (*   D:9 ?


Innate Abilities, Weirdness & Mutations

You cannot wear most types of armour.
You are amphibious.
You can wear up to eight rings at the same time.
Your skin changes colour to match your surroundings (Stealth+).
Your rubbery body absorbs attacks. (AC +1, EV +1)
((You are camouflaged when in or above water. (Stealth+)))
You have tentacles for arms and can constrict up to eight enemies at once.


Message History

The two-headed ogre hits your guardian golem with a +0 giant spiked club!!
The two-headed ogre hits your guardian golem with a +0 giant club!!
Your guardian golem is destroyed!
Your guardian golem disappears in a puff of smoke!
There is a sacrificial altar of Ru here.
Casting: Summon Guardian Golem (dangerous; 9% risk of failure)
Confirm with . or Enter, or press ? or * to list all spells.
A guardian golem appears, shielding your allies.
The two-headed ogre attacks as you move away!
The two-headed ogre closely misses you.
The two-headed ogre completely misses you.
You swap places.
The two-headed ogre hits your guardian golem with a +0 giant spiked club!!
The two-headed ogre hits your guardian golem with a +0 giant club!
Your guardian golem is destroyed!
Your guardian golem disappears in a puff of smoke!
There is an open door here.
Casting: Summon Guardian Golem (dangerous; 9% risk of failure)
Confirm with . or Enter, or press ? or * to list all spells.
A guardian golem appears, shielding your allies.
The two-headed ogre attacks as you move away!
The two-headed ogre hits you with a +0 giant spiked club!!
The two-headed ogre completely misses you.
The two-headed ogre attacks as you move away!
The two-headed ogre closely misses you.
The two-headed ogre hits you with a +0 giant club!
The two-headed ogre attacks as you move away!
The two-headed ogre hits you with a +0 giant spiked club!!
* * * LOW HITPOINT WARNING * * *
The two-headed ogre barely misses you.
Casting: Summon Guardian Golem (dangerous; 9% risk of failure)
Confirm with . or Enter, or press ? or * to list all spells.
You miscast Summon Guardian Golem.
You are very lightly contaminated with residual magic.
Nothing appears to happen.
The two-headed ogre attacks as you move away!
The two-headed ogre closely misses you.
The two-headed ogre hits you with a +0 giant club!
You die...
Your body crumbles into a pile of gold.

#############
###########.....#.....#
#........##.#.#.#.###.#
###........#..#.# #...#.# #...
#.....#.@#.###.#.#.#
#...###......O#.....#.#.#
#............#9#######.#.#####
##..#.).).#...#.#.# ...#.....#
##..##.._..##..#.#.# ..#.###.#
....#.).).#..##...# #.### #.#
#...........####.#####.#####.#
#...###....##...##.......##.#
##...#...####9####.##....##.#


You could see a two-headed ogre (ally target) and a friendly guardian golem
(summoned).

Vanquished Creatures
  A two-headed ogre (D:9)
  A komodo dragon (D:10)
  Sigmund (D:4)
  A wyvern (D:9)
  A yak (D:9)
  A steam dragon (D:6)
  An acid dragon (D:8)
  2 water moccasins (D:6)
  2 orc warriors (D:9)
  2 sky beasts
  An ice beast (D:8)
  2 ogres (D:6)
  A centaur (D:8)
  A wolf (D:9)
  2 phantoms
  3 kobold brigands
  Blork the orc (D:4)
  2 scorpions (D:5)
  5 bullfrogs
  6 howler monkeys
  A hound (D:6)
  An orc priest (D:9)
  A jelly (D:6)
  Jessica (D:3)
  2 iguanas
  An orc wizard (D:5)
  8 mummies (Ossuary)
  3 gnolls (D:5)
  12 adders
  A shadow imp (D:7)
  A white imp (D:6)
  2 worms
  A dart slug (D:3)
  27 orcs
  11 ball pythons
  9 endoplasms
  5 giant cockroaches
  8 goblins
  11 hobgoblins
  2 jackals (D:1)
  20 kobolds
  3 bats
  2 frilled lizards (D:3)
  A gnoll zombie (Ossuary)
  3 hobgoblin zombies (Ossuary)
  4 kobold zombies (Ossuary)
  6 rats
  2 rat zombies (D:7)
186 creatures vanquished.

Vanquished Creatures (others)
  A two-headed ogre (D:9)
  Grum (D:9)
  A sky beast (D:8)
  2 wolves (D:9)
  5 killer bees (D:9)
10 creatures vanquished.

Grand Total: 196 creatures vanquished

Notes
Turn   | Place    | Note
-------+----------+-------------------------------------------
     0 | D:5      | croobank the Octopode Delver began the quest for the Orb.
     0 | D:5      | Reached XP level 1. HP: 16/16 MP: 1/1
    24 | D:5      | Noticed a scorpion
    66 | D:6      | Noticed a bullfrog
    77 | D:6      | Noticed a sky beast
   102 | D:5      | Found an ornate altar of the Wu Jian Council.
   249 | D:4      | Reached XP level 2. HP: 19/21 MP: 2/2
   281 | D:4      | Noticed Blork the orc
   485 | D:2      | Reached XP level 3. HP: 26/26 MP: 3/3
   571 | D:1      | Reached skill level 7 in Stealth
   671 | D:1      | Found Usaom's Armour Shop.
  1162 | D:2      | Reached XP level 4. HP: 31/31 MP: 4/4
  1189 | D:2      | Identified the +1 leather armour of the Terrible God
                  | {Regen+ Slay+6}
  1437 | D:2      | Found Umiffuro's Armour Emporium.
  1521 | D:3      | Found Gaoremuv's Assorted Antiques.
  1559 | D:3      | Bought a scroll labelled USAOCV SIUWK for 20 gold pieces
  1559 | D:3      | Bought a scroll of identify for 40 gold pieces
  1559 | D:3      | Bought a scroll of identify for 40 gold pieces
  1578 | D:3      | Noticed Jessica
  1582 | D:3      | Killed Jessica
  1583 | D:3      | Reached XP level 5. HP: 37/37 MP: 5/5
  1585 | D:3      | Found Ywavaziu's Antique Weapon Shop.
  2364 | D:4      | Killed Blork the orc
  2365 | D:4      | Reached XP level 6. HP: 43/43 MP: 6/6
  2490 | D:4      | Noticed Sigmund
  2500 | D:4      | Killed Sigmund
  2501 | D:4      | Reached skill level 8 in Stealth
  2501 | D:4      | Reached skill level 1 in Spellcasting
  2501 | D:4      | Reached skill level 1 in Air Magic
  2816 | D:5      | Reached XP level 7. HP: 35/49 MP: 7/9
  3339 | D:6      | Found a staircase to the Ecumenical Temple.
  3339 | D:6      | Noticed a steam dragon
  3347 | Temple   | Entered the Ecumenical Temple
  3605 | D:6      | Killed a steam dragon
  3606 | D:6      | Reached XP level 8. HP: 54/54 MP: 11/11
  3655 | D:6      | Reached skill level 5 in Fighting
  3655 | D:6      | Reached skill level 1 in Summonings
  3783 | D:6      | Reached skill level 9 in Stealth
  4073 | D:7      | Found a sand-covered staircase.
  4093 | Ossuary  | Entered an ossuary
  4805 | D:7      | Reached skill level 5 in Dodging
  4805 | D:7      | Reached XP level 9. HP: 60/61 MP: 13/13
  4904 | D:7      | Found an opulent altar of Gozag.
  4911 | D:7      | Became a worshipper of Gozag Ym Sagoz the Greedy
  5049 | D:7      | Reached skill level 5 in Axes
  5715 | D:8      | Found a snail-covered altar of Cheibriados.
  6661 | D:9      | Noticed a two-headed ogre
  6669 | D:9      | Killed a two-headed ogre
  6670 | D:9      | Reached skill level 10 in Stealth
  6670 | D:9      | Reached skill level 5 in Summonings
  6742 | D:9      | Found Wutteidaju's Magic Scroll Emporium.
  6757 | D:9      | Bought a scroll of identify for 28 gold pieces
  6757 | D:9      | Bought a scroll of identify for 28 gold pieces
  6757 | D:9      | Bought a scroll of identify for 28 gold pieces
  6757 | D:9      | Bought a scroll of summoning for 133 gold pieces
  6757 | D:9      | Bought a scroll of fear for 56 gold pieces
  6759 | D:9      | Identified a scroll of acquirement
  6759 | D:9      | Acquired the Papyrus of Malignant Liturgies and the Oath
  6765 | D:9      | Learned a level 3 spell: Summon Guardian Golem
  6804 | D:9      | Reached XP level 10. HP: 43/68 MP: 17/17
  6807 | D:9      | Reached skill level 5 in Spellcasting
  6935 | D:9      | Found a shimmering altar of Xom.
  6992 | D:9      | Noticed Grum
  7026 | D:9      | Killed Grum
  7090 | D:9      | Found a sparkling altar of Nemelex Xobeh.
  7303 | D:9      | Noticed a two-headed ogre
  7318 | D:9      | Killed a two-headed ogre
  7395 | D:10     | Entered Level 10 of the Dungeon
  7596 | D:2      | Bought the +2 hood of the Assassin {Detection Stab+
                  | Stlth++} for 720 gold pieces
  7596 | D:2      | Found the +2 hood of the Assassin {Detection Stab+ Stlth++}
  7842 | D:10     | Found a staircase to the Lair.
  7844 | D:10     | Identified the +5 trident of Naiwn {vorpal, Int+3}
  7853 | D:10     | Found an iron altar of Okawaru.
  7906 | D:10     | Found a sacrificial altar of Ru.
  7909 | D:10     | Noticed a two-headed ogre
  7938 | D:10     | Mangled by a two-headed ogre

Illustrated notes

Levels and vault maps discovered:
D:1:      shiori_arrival_maze, layout_basic, serial_shops,
          nicolae_shop_behind_doors
D:2:      layout_basic, serial_shops, nicolae_shop_stone,
          kennysheep_generic_room_12
D:3:      layout_loops_ring, serial_shops, shop, nicolae_diamond_shop,
          corexii_shack, uniq_jessica
D:4:      layout_rooms, uniq_sigmund, uniq_blork_the_orc
D:5:      layout_basic, mainiacjoe_overflow_paths
D:6:      layout_rooms, temple_fountains
D:7:      layout_basic, nicolae_gozag_cash_rules_everything_around_me,
          enter_ossuary_4, minmay_misc_feat_hallway
D:8:      layout_layer_cave, general_overflow_altar, minmay_misc_feat_ornament
D:9:      layout_rooms, overflow_temple_1_default, marbit_many_paths,
          serial_shops, nicolae_lakefront_shop, uniq_grum
D:10:     layout_roguey, okawaru_ov_weapons_minmay, zin_statuary,
          nicolae_overflow_crystal_walls, lair_entry_dummy
Temple:   minmay_temple_curvy_branch

Skill      XL: |  1  2  3  4  5  6  7  8  9 10 |
---------------+-------------------------------+-----
Stealth        | 7 8 9 10 | 10.8
Axes           | 3 4 5 6 |  6.2
Dodging        | 3 4 5 6 |  6.2
Fighting       | 4 5 6 |  6.7
Spellcasting   | 1 2 3 4 5 |  5.9
Air Magic      | 1 2 |  2.6
Summonings     | 3 5 6 |  6.4

Action                   |  1- 3 |  4- 6 |  7- 9 | 10-12 || total
-------------------------+-------+-------+-------+-------++-------
Melee: Hand axe          |    60 |    92 |    24 |       ||   176
       Constrict         |    14 |    21 |    57 |     7 ||    99
       Tentacles         |    12 |    20 |    70 |    13 ||   115
       Punch             |     1 |     1 |     3 |     3 ||     8
       Staff             |       |    10 |    38 |       ||    48
       War axe           |       |       |   178 |    30 ||   208
       Dagger            |       |       |    10 |    16 ||    26
       Trident           |       |       |       |     1 ||     1
Throw: Dart              |       |       |     1 |       ||     1
 Cast: Summon Guardian G |       |       |     1 |    10 ||    11
Evoke: Wand              |       |       |    19 |     2 ||    21
  Use: Scroll            |     9 |     3 |    11 |       ||    23
       Potion            |     1 |       |     1 |       ||     2
 Stab: Sleeping          |    16 |    20 |     7 |     3 ||    46
       Distracted        |       |       |     1 |       ||     1
Armor: Skin              |     5 |     1 |    20 |     1 ||    27
Dodge: Dodged            |    54 |    63 |   240 |    61 ||   418
